| TOP OF THE 1ST |
|
Batavia Muckdogs batting - Pitching for Los Angeles (NYP) Dodgers : LHP Billy Nash
|
|
Pitching: LHP Billy Nash
|
|
|
Batting: SHB Justin Corbett
|
0-0: Called Strike 0-1: Swinging Strike 0-2: Ball 1-2: Strikes out swinging
|
|
Batting: RHB George Boivin
|
0-0: Ball 1-0: Ball 2-0: Ball 3-0: Base on Balls
|
|
Batting: RHB Justin Dunham
|
0-0: Swinging Strike 0-1: Ball 1-1: Foul Ball, location: 2F 1-2: Ball 2-2: Strikes out looking
|
|
Batting: RHB Reomel Somera
|
0-0: Ball George Boivin steals 2nd base 1-0: Swinging Strike 1-1: Called Strike 1-2: Ball 2-2: Ball 3-2: Fly out, F9 (Flyball, 9D, EV 107.5 MPH)
|
| Top of the 1st over - 0 runs, 0 hits, 0 errors, 1 left on base; Batavia 0 - Los Angeles (NYP) 0 |
| BOTTOM OF THE 1ST |
|
Los Angeles (NYP) Dodgers batting - Pitching for Batavia Muckdogs : RHP Carlos Guerrero
|
|
Pitching: RHP Carlos Guerrero
|
|
|
Batting: SHB Alex Noval
|
0-0: Swinging Strike 0-1: Called Strike 0-2: Foul Ball, location: 2F 0-2: Foul Ball, location: 2F 0-2: Fly out, F9 (Flyball, 89M, EV 92.5 MPH)
|
|
Batting: RHB Adam Maczko
|
0-0: Ball 1-0: Foul Ball, location: 2F 1-1: DOUBLE (Flyball, 78D, EV 111.9 MPH)
|
|
Batting: RHB Tommy Hunter
|
0-0: Ball 1-0: Ball 2-0: Ground out 5-3 (Groundball, 5, EV 91.9 MPH)
|
|
Batting: LHB Fernão Manta
|
0-0: Ball 1-0: Called Strike 1-1: Called Strike 1-2: Ball 2-2: Ball 3-2: Fly out, F7 (Line Drive, 78M, EV 93.1 MPH)
|
| Bottom of the 1st over - 0 runs, 1 hit, 0 errors, 1 left on base; Batavia 0 - Los Angeles (NYP) 0 |
| TOP OF THE 2ND |
|
Batavia Muckdogs batting - Pitching for Los Angeles (NYP) Dodgers : LHP Billy Nash
|
|
Batting: RHB Jim Fisher
|
0-0: Ball 1-0: Ball 2-0: Fly out, F3 (Popup, 3SF, EV 73.8 MPH)
|
|
Batting: LHB Danny Treto
|
0-0: Foul Ball, location: 2F 0-1: Ball 1-1: Swinging Strike 1-2: Fly out, F8 (Flyball, 8RM, EV 88.1 MPH)
|
|
Batting: RHB Andy Kelly
|
0-0: Foul Ball, location: 2F 0-1: Swinging Strike 0-2: Ball 1-2: Foul Ball, location: 2F 1-2: Ball 2-2: Foul Ball, location: 2F 2-2: Ball 3-2: Foul Ball, location: 2F 3-2: Strikes out swinging
|
| Top of the 2nd over - 0 runs, 0 hits, 0 errors, 0 left on base; Batavia 0 - Los Angeles (NYP) 0 |
| BOTTOM OF THE 2ND |
|
Los Angeles (NYP) Dodgers batting - Pitching for Batavia Muckdogs : RHP Carlos Guerrero
|
|
Batting: RHB Brad Brady
|
0-0: Called Strike 0-1: Called Strike 0-2: Strikes out swinging
|
|
Batting: LHB Bobby Gambrell
|
0-0: Called Strike 0-1: Ball 1-1: Ball 2-1: Ball 3-1: Called Strike 3-2: Ground out 4-3 (Groundball, 4, EV 88.1 MPH)
|
|
Batting: RHB Bob Magana
|
0-0: Ball 1-0: Swinging Strike 1-1: Foul Ball, location: 2F 1-2: Strikes out swinging
|
| Bottom of the 2nd over - 0 runs, 0 hits, 0 errors, 0 left on base; Batavia 0 - Los Angeles (NYP) 0 |
| TOP OF THE 3RD |
|
Batavia Muckdogs batting - Pitching for Los Angeles (NYP) Dodgers : LHP Billy Nash
|
|
Batting: RHB Hiromitsu Yamada
|
0-0: Ground out 6-3 (Groundball, 56, EV 102.5 MPH)
|
|
Batting: RHB Jeremy Dennis
|
0-0: Ball 1-0: Called Strike 1-1: Ball 2-1: Swinging Strike 2-2: Foul Ball, location: 2F 2-2: Strikes out swinging
|
|
Batting: SHB Justin Corbett
|
0-0: Ball 1-0: Ball 2-0: Ball 3-0: Base on Balls
|
|
Batting: RHB George Boivin
|
0-0: Called Strike 0-1: Ball 1-1: Called Strike Justin Corbett steals 2nd base 1-2: Strikes out swinging
|
| Top of the 3rd over - 0 runs, 0 hits, 0 errors, 1 left on base; Batavia 0 - Los Angeles (NYP) 0 |
| BOTTOM OF THE 3RD |
|
Los Angeles (NYP) Dodgers batting - Pitching for Batavia Muckdogs : RHP Carlos Guerrero
|
|
Batting: SHB Josh Vaill
|
0-0: Called Strike 0-1: Ground out 2-3 (Groundball, 13S, EV 65.0 MPH)
|
|
Batting: RHB Chad Rojas
|
0-0: Ball 1-0: Ball 2-0: Ball 3-0: Base on Balls
|
|
Batting: SHB Alex Noval
|
Balk! Chad Rojas to second 0-0: Called Strike 0-1: Ball 1-1: Ball 2-1: Ball 3-1: Foul Ball, location: 2F 3-2: Foul Ball, location: 2F 3-2: Strikes out swinging
|
|
Batting: RHB Adam Maczko
|
0-0: Ball 1-0: Foul Ball, location: 2F 1-1: Ball 2-1: Swinging Strike 2-2: SINGLE (Line Drive, 6D, EV 97.5 MPH) Chad Rojas to third Runner from 3rd tries for Home, SAFE, throw by CF to home
|
|
Batting: RHB Tommy Hunter
|
0-0: Ball 1-0: Ball 2-0: DOUBLE (Flyball, 89D, EV 115.0 MPH) Adam Maczko to third Runner from 3rd tries for Home, SAFE, throw by CF to trailing runner, SAFE at third!
|
|
Batting: LHB Fernão Manta
|
0-0: Swinging Strike 0-1: Ball 1-1: Foul Ball, location: 2F 1-2: Strikes out looking
|
| Bottom of the 3rd over - 2 runs, 2 hits, 0 errors, 1 left on base; Batavia 0 - Los Angeles (NYP) 2 |
| TOP OF THE 4TH |
|
Batavia Muckdogs batting - Pitching for Los Angeles (NYP) Dodgers : LHP Billy Nash
|
|
Batting: RHB Justin Dunham
|
0-0: Foul Ball, location: 2F 0-1: Ball 1-1: Foul Ball, location: 2F 1-2: Fly out, F8 (Line Drive, 8LD, EV 101.9 MPH)
|
|
Batting: RHB Reomel Somera
|
0-0: Called Strike 0-1: Foul Ball, location: 2F 0-2: Strikes out swinging
|
|
Batting: RHB Jim Fisher
|
0-0: Ball 1-0: Ball 2-0: Foul Ball, location: 2F 2-1: Ball 3-1: SINGLE (Groundball, 4M, EV 101.2 MPH)
|
|
Batting: LHB Danny Treto
|
0-0: Ball 1-0: Called Strike 1-1: Ball 2-1: Ball 3-1: Base on Balls Jim Fisher to second
|
|
Batting: RHB Andy Kelly
|
0-0: Foul Ball, location: 2F 0-1: Ball 1-1: Ball 2-1: Fielders Choice at 2nd, 5-4 (Groundball, 5, EV 79.4 MPH)
|
| Top of the 4th over - 0 runs, 1 hit, 0 errors, 2 left on base; Batavia 0 - Los Angeles (NYP) 2 |
| BOTTOM OF THE 4TH |
|
Los Angeles (NYP) Dodgers batting - Pitching for Batavia Muckdogs : RHP Carlos Guerrero
|
|
Batting: RHB Brad Brady
|
0-0: Called Strike 0-1: Ball 1-1: Foul Ball, location: 2F 1-2: Strikes out swinging
|
|
Batting: LHB Bobby Gambrell
|
0-0: Ball 1-0: Called Strike 1-1: Ground out 5-3 (Groundball, 56S, EV 83.1 MPH)
|
|
Batting: RHB Bob Magana
|
0-0: Called Strike 0-1: Ball 1-1: Fly out, F8 (Flyball, 89M, EV 82.5 MPH)
|
| Bottom of the 4th over - 0 runs, 0 hits, 0 errors, 0 left on base; Batavia 0 - Los Angeles (NYP) 2 |
| TOP OF THE 5TH |
|
Batavia Muckdogs batting - Pitching for Los Angeles (NYP) Dodgers : LHP Billy Nash
|
|
Batting: RHB Hiromitsu Yamada
|
0-0: Called Strike 0-1: Ball 1-1: Foul Ball, location: 2F 1-2: Strikes out swinging
|
|
Pitching: RHP Alfredo Sanchez
|
|
|
Batting: RHB Jeremy Dennis
|
0-0: Called Strike 0-1: Called Strike 0-2: Strikes out swinging
|
|
Batting: SHB Justin Corbett
|
0-0: Foul Ball, location: 2F 0-1: Foul Ball, location: 2F 0-2: Strikes out swinging
|
| Top of the 5th over - 0 runs, 0 hits, 0 errors, 0 left on base; Batavia 0 - Los Angeles (NYP) 2 |
| BOTTOM OF THE 5TH |
|
Los Angeles (NYP) Dodgers batting - Pitching for Batavia Muckdogs : RHP Carlos Guerrero
|
|
Batting: SHB Josh Vaill
|
0-0: Ball 1-0: Ball 2-0: Called Strike 2-1: Foul Ball, location: 2F 2-2: Foul Ball, location: 2F 2-2: Ball 3-2: Strikes out looking
|
|
Batting: RHB Chad Rojas
|
0-0: Ball 1-0: Ball 2-0: Ground out 6-3 (Groundball, 6M, EV 80.6 MPH)
|
|
Batting: SHB Alex Noval
|
0-0: Called Strike 0-1: Ball 1-1: Ground out 6-3 (Groundball, 6, EV 100.6 MPH)
|
| Bottom of the 5th over - 0 runs, 0 hits, 0 errors, 0 left on base; Batavia 0 - Los Angeles (NYP) 2 |
| TOP OF THE 6TH |
|
Batavia Muckdogs batting - Pitching for Los Angeles (NYP) Dodgers : RHP Alfredo Sanchez
|
|
Batting: RHB George Boivin
|
0-0: Called Strike 0-1: Foul Ball, location: 2F 0-2: DOUBLE (Flyball, 8LXD, EV 98.8 MPH)
|
|
Batting: RHB Justin Dunham
|
0-0: Foul Ball, location: 2F 0-1: Called Strike 0-2: Ball 1-2: Strikes out looking
|
|
Batting: RHB Reomel Somera
|
0-0: Swinging Strike 0-1: DOUBLE (Flyball, 78D, EV 102.5 MPH) George Boivin scores
|
|
Batting: RHB Jim Fisher
|
0-0: Swinging Strike 0-1: SINGLE (Groundball, 4MD, EV 98.1 MPH) Reomel Somera to third Runner from 3rd tries for Home, SAFE, throw by CF to home
|
|
Batting: LHB Danny Treto
|
0-0: Swinging Strike 0-1: Ball 1-1: Swinging Strike 1-2: Fielders Choice at 2nd, 2-6 (Groundball, 13S, EV 75.0 MPH)
|
|
Batting: RHB Andy Kelly
|
0-0: Ball 1-0: Foul Ball, location: 2F 1-1: Called Strike 1-2: Strikes out swinging
|
| Top of the 6th over - 2 runs, 3 hits, 0 errors, 1 left on base; Batavia 2 - Los Angeles (NYP) 2 |
| BOTTOM OF THE 6TH |
|
Los Angeles (NYP) Dodgers batting - Pitching for Batavia Muckdogs : RHP Carlos Guerrero
|
|
Batting: RHB Adam Maczko
|
0-0: Called Strike 0-1: Called Strike 0-2: Foul Ball, location: 2F 0-2: Ball 1-2: Ball 2-2: Foul Ball, location: 2F 2-2: Strikes out swinging
|
|
Pitching: RHP Tim Sherrill
|
|
|
Batting: RHB Tommy Hunter
|
0-0: Called Strike 0-1: Foul Ball, location: 2F 0-2: Strikes out swinging
|
|
Batting: LHB Fernão Manta
|
0-0: Ball 1-0: Ball 2-0: Called Strike 2-1: Ball 3-1: Base on Balls
|
|
Batting: RHB Brad Brady
|
0-0: Called Strike 0-1: Fielders Choice at 2nd, 6-4 (Groundball, 6, EV 100.6 MPH)
|
| Bottom of the 6th over - 0 runs, 0 hits, 0 errors, 1 left on base; Batavia 2 - Los Angeles (NYP) 2 |
| TOP OF THE 7TH |
|
Batavia Muckdogs batting - Pitching for Los Angeles (NYP) Dodgers : RHP Alfredo Sanchez
|
|
Batting: RHB Hiromitsu Yamada
|
0-0: Swinging Strike 0-1: Swinging Strike 0-2: Ball 1-2: Strikes out looking
|
|
Batting: RHB Jeremy Dennis
|
0-0: Foul Ball, location: 2F 0-1: Called Strike 0-2: Ball 1-2: SINGLE (Groundball, 34D, EV 97.5 MPH)
|
|
Pitching: RHP Ramon Luna
|
|
|
Batting: SHB Justin Corbett
|
0-0: Called Strike 0-1: Ball 1-1: Foul Ball, location: 2F 1-2: Ground out 4-3 (Groundball, 4S, EV 86.9 MPH) Jeremy Dennis to second
|
|
Batting: RHB George Boivin
|
0-0: Called Strike 0-1: Ball 1-1: Ball 2-1: Ball 3-1: Swinging Strike 3-2: Base on Balls
|
|
Batting: RHB Justin Dunham
|
0-0: Foul Ball, location: 2F 0-1: Ball 1-1: Swinging Strike 1-2: Fly out, F9 (Line Drive, 89M, EV 95.6 MPH)
|
| Top of the 7th over - 0 runs, 1 hit, 0 errors, 2 left on base; Batavia 2 - Los Angeles (NYP) 2 |
| BOTTOM OF THE 7TH |
|
Los Angeles (NYP) Dodgers batting - Pitching for Batavia Muckdogs : RHP Tim Sherrill
|
|
Batting: LHB Bobby Gambrell
|
0-0: Fly out, F8 (Flyball, 8LM, EV 88.1 MPH)
|
|
Batting: RHB Bob Magana
|
0-0: Foul Ball, location: 2F 0-1: Ball 1-1: Foul Ball, location: 2F 1-2: Strikes out swinging
|
|
Batting: SHB Josh Vaill
|
0-0: Called Strike 0-1: Called Strike 0-2: Ground out 6-3 (Groundball, 6, EV 103.1 MPH)
|
| Bottom of the 7th over - 0 runs, 0 hits, 0 errors, 0 left on base; Batavia 2 - Los Angeles (NYP) 2 |
| TOP OF THE 8TH |
|
Batavia Muckdogs batting - Pitching for Los Angeles (NYP) Dodgers : RHP Ramon Luna
|
|
Batting: RHB Reomel Somera
|
0-0: Ball 1-0: Called Strike 1-1: Swinging Strike 1-2: DOUBLE (Line Drive, 78D, EV 110.0 MPH)
|
|
Batting: RHB Jim Fisher
|
0-0: Ball 1-0: Called Strike 1-1: Swinging Strike 1-2: Hit by Pitch
|
|
Batting: LHB Danny Treto
|
0-0: Sac Bunt to 23 - play at first, batter OUT! 3-4 Reomel Somera to third Jim Fisher to second
|
|
Batting: RHB Andy Kelly
|
0-0: DOUBLE (Line Drive, 9LS, EV 107.5 MPH) Reomel Somera scores Jim Fisher scores
|
|
Batting: RHB Hiromitsu Yamada
|
0-0: Intentional Walk
|
|
Batting: RHB Jeremy Dennis
|
0-0: Ball 1-0: Called Strike 1-1: Swinging Strike 1-2: Foul Ball, location: 2F 1-2: SINGLE (Groundball, 56D, EV 98.8 MPH) (infield hit) Andy Kelly to third Hiromitsu Yamada to second
|
|
Batting: SHB Justin Corbett
|
0-0: Foul Ball, location: 2F 0-1: Foul Ball, location: 2F 0-2: Ball 1-2: Ball 2-2: Ball 3-2: Grounds into fielders choice 3-2 (Groundball, 3, EV 105.0 MPH) Hiromitsu Yamada to third Jeremy Dennis to second
|
|
Batting: RHB George Boivin
|
0-0: Ball 1-0: Ball 2-0: Called Strike 2-1: Foul Ball, location: 2F 2-2: Strikes out swinging
|
| Top of the 8th over - 2 runs, 3 hits, 0 errors, 3 left on base; Batavia 4 - Los Angeles (NYP) 2 |
| BOTTOM OF THE 8TH |
|
Los Angeles (NYP) Dodgers batting - Pitching for Batavia Muckdogs : RHP Tim Sherrill
|
|
Batting: RHB Chad Rojas
|
0-0: Called Strike 0-1: Fly out, F8 (Flyball, 8RM, EV 91.2 MPH)
|
|
Batting: SHB Alex Noval
|
0-0: Called Strike 0-1: Ball 1-1: Swinging Strike 1-2: Ball 2-2: Ball 3-2: Strikes out swinging
|
|
Batting: RHB Adam Maczko
|
0-0: Ball 1-0: DOUBLE (Line Drive, 7LM, EV 105.0 MPH)
|
|
Batting: RHB Tommy Hunter
|
0-0: Called Strike 0-1: Ball 1-1: Ball 2-1: Foul Ball, location: 2F 2-2: Ground out U3 (Groundball, 34, EV 85.6 MPH)
|
| Bottom of the 8th over - 0 runs, 1 hit, 0 errors, 1 left on base; Batavia 4 - Los Angeles (NYP) 2 |
| TOP OF THE 9TH |
|
Batavia Muckdogs batting - Pitching for Los Angeles (NYP) Dodgers : RHP Ramon Luna
|
|
Pitching: RHP Balinda Msrah
|
|
|
Batting: RHB Justin Dunham
|
0-0: Foul Ball, location: 2F 0-1: Foul Ball, location: 2F 0-2: Ball 1-2: Ground out 6-3 (Groundball, 56, EV 111.9 MPH)
|
|
Batting: RHB Reomel Somera
|
0-0: Called Strike 0-1: Foul Ball, location: 2F 0-2: Strikes out swinging
|
|
Batting: RHB Jim Fisher
|
0-0: Called Strike 0-1: Ground out 4-3 (Groundball, 4S, EV 85.0 MPH)
|
| Top of the 9th over - 0 runs, 0 hits, 0 errors, 0 left on base; Batavia 4 - Los Angeles (NYP) 2 |
| BOTTOM OF THE 9TH |
|
Los Angeles (NYP) Dodgers batting - Pitching for Batavia Muckdogs : RHP Tim Sherrill
|
|
Pitching: LHP Will Sledge
|
|
|
Now in LF: Hiromitsu Yamada
|
|
|
Now in CF: Calvin Morin
|
|
|
Batting: LHB Fernão Manta
|
0-0: Ball 1-0: Fly out, F8 (Flyball, 89M, EV 90.0 MPH)
|
|
Batting: RHB Brad Brady
|
0-0: Foul Ball, location: 2F 0-1: Foul Ball, location: 2F 0-2: Strikes out swinging
|
|
Pinch Hitting: RHB Manny Mendoza
|
0-0: Ball 1-0: Ball 2-0: Swinging Strike 2-1: Swinging Strike 2-2: Strikes out looking
|
| Bottom of the 9th over - 0 runs, 0 hits, 0 errors, 0 left on base; Batavia 4 - Los Angeles (NYP) 2 |
|